 Dungeon Crawl Stone Soup version 0.30.1-11-g7821555f0a (webtiles) character file.

Game seed: 2597552761916160728

566 leafyfresh the Trooper (level 7, -1/60 HPs)
             Began as a Barachi Delver on Nov 21, 2023.
             Was an Initiate of Ashenzari.
             Slain by a goblin
             ... wielding a +0 club
             ... led by Robin
              (4 damage)
             ... in the Ecumenical Temple.
             The game lasted 00:04:14 (2545 turns).

leafyfresh the Trooper (Barachi Delver)             Turns: 2545, Time: 00:04:15

Health: -1/60      AC:  5    Str: 13    XL:     7   Next: 32%
Magic:  7/7        EV: 14    Int: 11    God:    Ashenzari [......]
Gold:   45         SH:  0    Dex: 15    Spells: 6/6 levels left

rFire   . . .        n - +0 long sword
rCold   . . .        (no shield)
rNeg    . . .        b - +0 leather armour
rPois   .            e - +0 helmet
rElec   .            (no cloak)
rCorr   .            r - +0 pair of gloves
SInv    .            (no boots)
Will    .....        (no amulet)
Stlth   +++          (no ring)
HPRegen 0.30/turn    (no ring)
MPRegen 0.10/turn

%: no passive effects
@: slow
A: amphibious, slowness 1, strong legs 1, +LOS
a: Hop, Renounce Religion


You were in the Ecumenical Temple.
You worshipped Ashenzari.
Ashenzari was noncommittal.
You visited 2 branches of the dungeon, and saw 3 of its levels.

You collected 45 gold pieces.

Inventory:

Hand Weapons
 a - a +0 falchion
 h - a +0 shortbow
 j - a +0 dagger
 n - a +0 long sword (weapon)
 p - a +1 vampiric dagger
Missiles
 l - 3 javelins (quivered)
Armour
 b - a +0 leather armour (worn)
 e - a +0 helmet (worn)
 r - a +0 pair of gloves (worn)
Wands
 g - a wand of digging (3)
Scrolls
 c - a scroll of fog
 d - a scroll of magic mapping
 i - 2 scrolls of enchant weapon {unknown}
 k - a scroll of blinking {unknown}
 m - a scroll of vulnerability {unknown}
 o - a scroll of immolation {unknown}
 q - a scroll of identify {unknown}
Potions
 f - a potion of haste


   Skills:
 + Level 7.4 Fighting
 - Level 2.4 Long Blades
 + Level 6.2 Dodging
 - Level 4.5 Stealth


You had 6 spell levels left.
You didn't know any spells.
Your spell library was empty.

Dungeon Overview and Level Annotations

Branches:
Dungeon (5/15)             Temple (1/1) D:4

Altars:
Ashenzari
Dithmenos
Fedhas
Hepliaklqana
Kikubaaqudgha
Nemelex Xobeh
Okawaru
Qazlal
Ru
Sif Muna
Trog
Uskayaw
Vehumet
Wu Jian
Xom
Yredelemnul
The Shining One

Shops:
D:5 =*

Annotations:
D:4 Robin


Innate Abilities, Weirdness & Mutations

You are amphibious.
You cover ground slowly.
You can hop short distances.
You have an extended range of vision and can be seen from far away.


Message History

Unknown command.
You slash the black bear!
You kill the black bear!
The black bear barely misses you. The black bear misses you.
The black bear closely misses you. The goblin misses you.
The goblin hits you with a staff of air.
The goblin hits you but does no damage. The black bear barely misses you. x2
The black bear closely misses you.
The goblin hits you but does no damage. x2
The goblin hits you with a +0 club.
* * * LOW HITPOINT WARNING * * *
Your Dodging skill increases to level 6!
You hit the black bear but do no damage.
The black bear bites you.
* * * LOW HITPOINT WARNING * * *
The black bear misses you. The black bear barely misses you.
The goblin hits you with a +0 club.
* * * LOW HITPOINT WARNING * * *
The goblin closely misses you. x2
You slash the black bear!
The black bear is heavily wounded.
The black bear barely misses you. The black bear claws you.
* * * LOW HITPOINT WARNING * * *
The black bear claws you but does no damage.
The goblin misses you. The goblin hits you with a +0 club.
* * * LOW HITPOINT WARNING * * *
The goblin barely misses you.
Unknown command.
You hit the black bear.
The black bear is severely wounded.
The black bear misses you.
The black bear claws you but does no damage. x2
The goblin hits you but does no damage.
The goblin hits you with a staff of air.
* * * LOW HITPOINT WARNING * * *
The goblin misses you. The black bear closely misses you.
The black bear barely misses you.
The black bear claws you but does no damage.
The goblin hits you but does no damage. The goblin closely misses you.
The goblin hits you with a +0 club.
You die...

#################
#..☼☼○°○°°☼○○○.○#
#○○○☼.°°○○○☼☼○○.#
#☼○☼○.☼☼○☼○○○°☼○#
#☼○○.._._._._○○°#
#☼☼○.........☼☼○#
#☼○._......._°○○#
#○○○....)g...○○☼#
#○○°_..g@h.._○○.#
#☼☼○...))g...○☼☼#
#○☼○_......._°☼☼#
#○○°.........○°○#
#☼°○_._._._._☼○☼#
#☼○°°☼○○○☼○○○°°°#
#°○☼○○○○○○☼○°○°☼#
#.☼☼○°°☼○☼°°☼☼○○#
#################


You could see a black bear and 3 goblins.

Vanquished Creatures
  A black bear (Temple)
  2 ice beasts (D:5)
  A centaur (D:5)
  4 hounds (D:5)
  A sleepcap (D:5)
  An orc wizard (D:5)
  An ufetubus (D:5)
  A dart slug (D:5)
  5 orcs (D:5)
  3 hobgoblins
  7 goblins
27 creatures vanquished.

Notes
Turn   | Place    | Note
-------+----------+-------------------------------------------
     0 | D:5      | leafyfresh the Barachi Delver began the quest for the Orb.
     0 | D:5      | Reached XP level 1. HP: 18/18 MP: 1/1
     3 | D:5      | Noticed a centaur
    15 | D:5      | Killed a centaur
    16 | D:5      | Reached skill level 5 in Fighting
    16 | D:5      | Reached XP level 2. HP: 9/27 MP: 2/2
    16 | D:5      | Reached XP level 3. HP: 11/33 MP: 3/3
    16 | D:5      | Reached XP level 4. HP: 13/39 MP: 4/4
   391 | D:5      | Found a sparkling altar of Nemelex Xobeh.
   413 | D:5      | Noticed an ice beast
   558 | D:5      | Reached XP level 5. HP: 32/44 MP: 5/5
   604 | D:5      | Found Cimmatif's Neck Hole.
   783 | D:5      | Found Intuboy's Jewellery Shoppe.
  1103 | D:5      | Reached skill level 6 in Fighting
  1116 | D:5      | Reached skill level 5 in Dodging
  1116 | D:5      | Reached XP level 6. HP: 28/52 MP: 6/6
  1345 | D:5      | Noticed an ice beast
  1805 | D:5      | Found a shadowy altar of Dithmenos.
  1837 | D:5      | Killed an ice beast
  2074 | D:5      | Killed an ice beast
  2075 | D:5      | Reached skill level 7 in Fighting
  2075 | D:5      | Reached XP level 7. HP: 14/60 MP: 7/7
  2357 | D:4      | Found a staircase to the Ecumenical Temple.
  2357 | D:4      | Noticed Robin
  2369 | Temple   | Entered the Ecumenical Temple
  2529 | Temple   | Became a worshipper of Ashenzari the Shackled
  2545 | Temple   | HP: 3/60 [goblin/staff of air[Robin] (1)]
  2545 | Temple   | Slain by a goblin

Illustrated notes

Levels and vault maps discovered:
D:4:      layout_cave_pools, minmay_temple_entry_mini_moons, uniq_robin
D:5:      layout_basic, old_standard_altar, mainiacjoe_overflow_brackets,
          serial_shops, nicolae_shop_tiny_glass,
          nicolae_shop_sticking_my_neck_out
Temple:   minmay_freezing_vapour_temple

Skill      XL: |  1  2  3  4  5  6  7 |
---------------+----------------------+-----
Fighting       | 5 6 7 |  7.4
Dodging        | 3 4 5 6 |  6.2
Long Blades    | |  2.4
Stealth        | |  4.5

Action                     |  1- 3 |  4- 6 |  7- 9 || total
---------------------------+-------+-------+-------++-------
  Melee: Falchion          |     5 |    48 |       ||    53
         Long sword        |       |    57 |    22 ||    79
         Dagger            |       |    24 |       ||    24
  Throw: Javelin           |       |     1 |       ||     1
    Use: Scroll            |       |     1 |       ||     1
   Stab: Sleeping          |     1 |     1 |       ||     2
 Armour: Leather armour    |     2 |    34 |    41 ||    77
  Dodge: Dodged            |     8 |   106 |   102 ||   216
